← All builds
Tech / Armada / Economy first / OBSERVED BUILD

Standard tech

Rushes T2 factory and Advanced Metal Extractors while supplying T2 constructors to teammates, then transitions into anti-nuke and support units later.

Usually first T2 con to Geo (85%)

#t2 #eco #team support · 762 distinct matches · 108 players · 59% of Armada Tech games · team won 53% of 882 · Recently observed

HOW TO PLAY IT

Key timing: T2 lab by 4:15

  1. Take 3 mex, then wind and a Bot Lab to open eco fast.
  2. Push T2 lab out, aim to pass T2 to air player.
  3. Get first T2 constructor building, prioritize mex upgrades over eco.
  4. Finish Advanced Metal Extractor, keep upgrading team's mex.
  5. Add fus and anti-nuke, keep feeding T2 cons and Umbrella/Citadel to team.

Phase by phase

TYPICAL OF ITS 762 GAMES
  1. 1
  2. 2
  3. 3
  4. 4
PLAY THE OPENING

Follow the example game's first 6:00 step by step: what to build now, what comes next, and where it goes. At 1× it keeps pace with your own game.

  1. 1

    Up to the Bot Lab

    Economy
    • Metal Extractor3Mex
    • Wind Turbine4Wind
    Order
    1. Bot LabBot Lab after 3 mex, 4 winddone ~1:17, middle half 1:13–1:32

    By 1:01 in all: 3 mex · 4 wind

    The example game in this phase · 140 steps
    1. Mex ×3
    2. Solar
    3. Mex
    4. Solar
    5. Aircraft PlantAircraft Plantdone 1:43
    6. Construction AircraftCon aircraft
    7. Wind ×5
    8. Energy storage
    9. Wind ×3
    10. Con turret ×2
    11. Wind ×7
    12. FalconFighter
    13. Wind ×4
    14. Con turret
    15. FalconFighter
    16. Wind
    17. FalconFighter
    18. Wind
    19. BlinkScout plane
    20. Wind
    21. BlinkScout plane
    22. Wind
    23. BlinkScout plane
    24. Wind ×2
    25. BlinkScout plane
    26. Wind
    27. FalconFighter
    28. Wind
    29. FalconFighter
    30. Wind
    31. StorkLight transport
    32. Wind ×3
    33. Construction AircraftCon aircraft
    34. Wind ×8
    35. StormbringerBomber
    36. Wind
    37. StormbringerBomber
    38. Wind
    39. Construction AircraftCon aircraft
    40. Wind
    41. Converter
    42. StormbringerBomber
    43. Converter
    44. StormbringerBomber
    45. Converter
    46. Mex
    47. Converter ×2
    48. FalconFighter
    49. Converter
    50. FalconFighter
    51. Wind
    52. Converter
    53. FalconFighter
    54. Wind
    55. Mex
    56. FalconFighter
    57. Converter
    58. Wind
    59. FalconFighter ×2
    60. Energy storage
    61. FalconFighter ×2
    62. Converter
    63. FalconFighter
    64. Wind
    65. FalconFighter
    66. Wind
    67. FalconFighter
    68. Wind ×2
    69. FalconFighter
    70. Wind ×2
    71. FalconFighter
    72. Converter
    73. Wind
    74. FalconFighter ×2
    75. Wind
    76. FalconFighter
    77. Wind ×2
    78. FalconFighter
    79. Wind
    80. FalconFighter
    81. Wind ×3
    82. FalconFighter
    83. Wind
    84. FalconFighter
    85. Wind ×2
    86. FalconFighter
    87. Wind
    88. FalconFighter
    89. Wind
    90. FalconFighter
    91. Wind ×3
    92. FalconFighter
    93. Wind ×2
    94. FalconFighter
    95. Wind
    96. FalconFighter
    97. Wind
    98. FalconFighter
    99. Wind ×2
    100. FalconFighter
    101. Converter
    102. FalconFighter
    103. Converter
    104. FalconFighter
    105. Converter
    106. FalconFighter ×2
    107. Converter
    108. FalconFighter
    109. Wind
    110. FalconFighter ×2
    111. Converter
    112. FalconFighter ×2
    113. Converter
    114. FalconFighter
    115. Wind
    116. Energy storage
    117. Converter
    118. FalconFighter
    119. Metal storage
    120. FalconFighter
    121. Energy storage
    122. Converter
    123. FalconFighter
    124. Wind
    125. FalconFighter ×2
    126. Advanced Aircraft PlantAdvanced Aircraft Plant ×2not finished by 15:00
    127. Advanced Construction AircraftT2 con aircraft
    128. Advanced Metal ExtractorT2 mexdone 12:52 · typical 5:29
    129. Radar TowerRadar Tower
    130. Con turret
    131. Advanced Metal ExtractorT2 mex
    132. HighwindHighwind ×2
    133. BlizzardBlizzard
    134. Advanced Metal ExtractorT2 mex
    135. HighwindHighwind
    136. StilettoStilettodone 14:08
    137. Advanced Metal ExtractorT2 mex
    138. Con turret
    139. HighwindHighwind
    140. Bot LabBot Labdone 14:36 · typical 1:17
  2. 2

    Bot Lab to Advanced Bot Lab

    Economy
    • Metal Extractor1Mex
    • Wind Turbine8Wind
    • Energy Storage1Energy storage
    Order
    1. Advanced Bot LabAdvanced Bot Lab after 4 mex, 12 wind, 3 con turretdone ~4:15, middle half 4:04–4:27
    Builders
    • Construction Turret3 Con turret
    • Lazarus3 Lazarus
    • Construction Bot2 Con bot
    • Construction Bot1 Con bot for allies

    Some games also: converter (36%)

    By 3:19 in all: 4 mex · 12 wind · 1 energy storage · 3 con turret

  3. 3

    Advanced Bot Lab to 5:00

    Economy
    • Wind Turbine2Wind
    Builders
    • Advanced Construction Bot1 T2 con bot for allies

    Some games also: converter (36%)

    By 5:00 in all: 4 mex · 15 wind · 2 converter · 1 energy storage · 3 con turret

  4. 4

    5:00 to 10:00

    Economy
    • Wind Turbine44Wind
    • Energy Converter6Converter
    Builders
    • Butler8 Butler
    • Advanced Construction Bot4 T2 con bot for allies
    • Advanced Construction Bot1 T2 con bot

    Some games also: con turret (47%) · Butler for allies (38%)

    By 10:00 in all: 4 mex · 59 wind · 8 converter · 1 energy storage · 3 con turret

    The example game in this phase · 3 steps
    1. Wind
    2. HighwindHighwind
    3. Wind

Counts are medians over the build's games: half of them build more, half fewer. The example game is NotReal's (39 OS, 27/08/2026); pick another.

Team trades

IN AT LEAST 30% OF ITS GAMES

You hand over

  • Construction Bot1 Con bot to Airfirst at 2:22 · in 88% of games
  • Advanced Construction Bot5 T2 con bot to Air or Pond or Geo seafirst at 4:46 · in 99% of games
  • Sharpshooter2 Sniper bot to Pondfirst at 5:21 · in 33% of games
  • Butler2 Butler to Geo sea or Beach sea or Pondfirst at 9:04 · in 42% of games

You get

  • Hercules1 Light transport from Airfirst at 4:00 · in 86% of games

How it plays out

Typical game of this build, running totals by minute

Metal produced

020k40k
0:005:0010:0015:00

metal

Enemy metal destroyed

0200400
0:005:0010:0015:00

metal

Own metal lost

0100200300
0:005:0010:0015:00

metal

882 games.

Show as table
ByMetal produced: This buildEnemy metal destroyed: This buildOwn metal lost: This build
1:0038300
2:0091500
3:00164400
4:00315200
5:00486600
6:00581100
7:00723300
8:00907900
9:001125300
10:001358400
11:001641600
12:001998800
13:002377500
14:002754990108
15:0031616324206
WHAT THE NUMBERS SAY

This is the role's baseline and wins slightly more than half its games with a huge metal lead but almost no kills, showing its value is economic not combat.

  • + Produces 31389 metal by 15:00, far above other roles.
  • + Reaches T2 lab and constructor by 4:15-4:33 almost every game.
  • − Barely destroys any enemy metal (400 by 15:00), no combat presence.
  • − Fusion Reactor and anti-nuke only land in 44% of games.
THE EXAMPLE YOU ARE READING

NotReal

38.6 OS · 27/08/2026

Open source match ↗

0 received units
2 metal received · 11246 energy received

Allied construction assistance is unknown. Timings are observations, not a promise of solo reproducibility.

Typical milestones

Bot Lab1:17Middle 50%: 1:13–1:32 · n=882
Advanced Bot Lab4:15Middle 50%: 4:04–4:27 · n=876
Advanced Metal Extractor5:29Middle 50%: 5:06–5:58 · n=880

Played most by

Amrissa100games of this buildSyphos39games of this buildKOT_38games of this buildAdeus34games of this buildTeaner33games of this build